 Dungeon Crawl Stone Soup version 0.18.1-48-g4cf74bf (webtiles) character file.

18424 kobby the Cleaver (level 12, -5/110 HPs)
             Began as a Hill Orc Fighter on July 9, 2016.
             Was a High Priest of Okawaru.
             Killed from afar by a deep elf mage (13 damage)
             ... with a bolt of fire
             ... on level 14 of the Dungeon.
             The game lasted 00:46:30 (11544 turns).

kobby the Cleaver (Hill Orc Fighter)               Turns: 11544, Time: 00:46:31

Health: -5/110     AC: 24    Str: 27    XL:     12   Next: 58%
Magic:  10/10      EV:  8    Int:  8    God:    Okawaru [*****.]
Gold:   612        SH:  0    Dex: 10    Spells: 0 memorised, 11 levels left

rFire  . . .     SeeInvis .     m - +2 battleaxe (flame)
rCold  . . .     Gourm    .     w - +2 plate armour
rNeg   . . .     Faith    .     (shield currently unavailable)
rPois  +         Spirit   .     (no helmet)
rElec  .         Dismiss  .     B - +1 cloak
rCorr  +         Reflect  .     i - +2 pair of gloves {Str+3}
SustAt .         Harm     .     v - +0 pair of boots
MR     .....     Rnd*Tele +     j - amulet of rage
Stlth  ..........               e - ring of poison resistance
                                l - ring of resist corrosion

@: contaminated, glowing, not resistant to hostile enchantments, extremely
unstealthy
A: low mp 2, teleportitis 1, wild magic 2
a: Heroism, Finesse, Renounce Religion, Evoke Berserk Rage


You were on level 14 of the Dungeon.
You worshipped Okawaru.
Okawaru was extremely pleased with you.
You were not hungry.

You visited 2 branches of the dungeon, and saw 15 of its levels.

You collected 712 gold pieces.
You spent 100 gold pieces at shops.

Inventory:

Hand Weapons
 a - a +1 war axe
 m - a +2 battleaxe of flaming (weapon)
Missiles
 h - 5 poisoned javelins (quivered)
Armour
 c - a +0 shield
 i - a +2 pair of gloves of strength (worn)
 r - the +1 leather armour "Ymooxoff" {+Inv rC+}
   (You found it on level 6 of the Dungeon)

   It protects you from cold.
   It lets you turn invisible.
 v - a +0 pair of boots (worn)
 w - a +2 plate armour (worn)
 B - a +1 cloak (worn)
Jewellery
 d - a cursed ring of teleportation
 e - a ring of poison resistance (right hand)
 j - an amulet of rage (around neck)
 k - an uncursed ring of sustain attributes {unknown}
 l - a ring of resist corrosion (left hand)
 p - a +4 ring of intelligence
 u - a +2 ring of evasion
 x - an uncursed amulet of dismissal
Wands
 A - a wand of paralysis (0/24)
 C - a wand of flame (23/48)
Scrolls
 n - 9 scrolls of identify
 o - 8 scrolls of remove curse
 q - 3 scrolls of amnesia
 t - a scroll of blinking
 y - a scroll of fog
 E - a scroll of recharging
Potions
 b - 2 potions of degeneration
 z - a potion of ambrosia
Comestibles
 f - 6 bread rations


   Skills:
 + Level 11.5 Fighting
 + Level 14.0 Axes
 + Level 11.3 Armour
 + Level 2.7 Dodging
 + Level 0.8 Stealth
 + Level 11.1 Shields
 + Level 1.0 Evocations


You had 11 spell levels left.
You didn't know any spells.

Dungeon Overview and Level Annotations

Branches:
Dungeon (14/15)            Temple (1/1) D:4             Orc (0/2) D:12
 Vaults (0/5) D:13
   Lair: D:8-11

Altars:
Ashenzari
Cheibriados
Dithmenos
Elyvilon
Fedhas
Gozag
Kikubaaqudgha
Makhleb
Nemelex Xobeh
Okawaru
Pakellas
Qazlal
Ru
Sif Muna
Trog
Vehumet
Xom
Yredelemnul
Zin
The Shining One

Shops:
D:4 }   D:8 !   D:9 (

Annotations:
D:9 Psyche
Abyss:1 Azrael


Innate Abilities, Weirdness & Mutations

Your magical capacity is very low (-20% MP).
You are occasionally teleported next to monsters.
Your spells are harder to cast, but more powerful.


Message History

Something hits you but does no damage. x2
Something hits you but does no damage. Something hits you but does no damage.
Something hits you but does no damage. Something hits you but does no damage.
Something hits you but does no damage.
A deep elf mage comes into view. It is wielding a rapier.
The deep elf mage shouts!
Something completely misses you.
The deep elf mage mumbles some strange words.
The deep elf mage blinks!
Something hits you but does no damage. Something hits you!
* * * LOW HITPOINT WARNING * * *
There is an open door here.
Something hits you.
* * * LOW HITPOINT WARNING * * *
The deep elf mage gestures at you while chanting.
The bolt of fire hits you!
You die...

..........
#............##############
#.........)..#............#
#............#............#
#..........e.#............#
#............#............'
#............'...........##
#............#.......††..#
#.....}...@###.#######...'.
#.....)....#...# ...#.
#.....)....#...# ...#
#..........#...# ...#
#..........#...# ...#
#..........#...# ...#
#..........# ...#
#..........# ##........>#


You could see a deep elf mage.

Vanquished Creatures
  A great orb of eyes (D:14)
  2 centaur warriors (D:14)
  The ghost of rjaguar3 the Basher, a novice MiBe of Trog (D:8)
  3 hill giants
  Pikel (D:10)
  3 ugly things (D:14)
  A deep elf mage (D:13)
  A cyclops (D:11)
  Maurice (D:11)
  Joseph (D:8)
  2 gargoyles
  3 kobold demonologists (D:14)
  2 trolls
  2 two-headed ogres
  5 slime creatures (D:14)
  5 yaks (D:12)
  A wraith (D:11)
  A shadow (D:13)
  A basilisk (D:13)
  2 wyverns (D:11)
  2 fire elementals (D:14)
  2 hippogriffs
  3 wargs (D:12)
  A water moccasin (D:10)
  A hell hound (D:14)
  A slave (D:9)
  3 ice beasts
  A black bear (D:10)
  2 ogres
  2 phantoms
  2 sky beasts
  8 centaurs
  3 crocodiles
  2 giant frogs
  4 big kobolds
  A wyvern skeleton (D:9)
  2 scorpions
  5 killer bees (D:8)
  3 wights (D:10)
  8 howler monkeys
  3 crimson imps
  A giant frog zombie (D:7)
  12 hounds
  A jelly (D:10)
  3 centaur skeletons
  2 giant frog skeletons
  2 orc wizards
  An iguana (D:3)
  7 worker ants
  A killer bee zombie (D:7)
  A hound zombie (D:10)
  A hound skeleton (D:9)
  A worker ant zombie (D:5)
  A howler monkey zombie (D:6)
  12 adders
  4 gnolls (D:6)
  A shadow imp (D:12)
  3 oozes
  2 adder zombies
  3 worms
  A dart slug (D:5)
  5 giant geckos
  21 orcs
  3 ball pythons
  3 giant cockroaches
  12 goblins
  10 hobgoblins
  2 jackals (D:7)
  7 quokkas
  11 bats
  7 giant newts
  20 kobolds
  13 rats
272 creatures vanquished.

Vanquished Creatures (others)
  A centaur skeleton (D:14)
  A slime creature (D:14)
  A fire elemental (D:14)
  A phantom (D:14)
  2 plants (D:13)
6 creatures vanquished.

Grand Total: 278 creatures vanquished

Notes
Turn   | Place    | Note
--------------------------------------------------------------
     0 | D:1      | kobby the Hill Orc Fighter began the quest for the Orb.
     0 | D:1      | Reached XP level 1. HP: 19/19 MP: 1/1
   154 | D:1      | Reached XP level 2. HP: 18/26 MP: 2/2
   646 | D:2      | Reached XP level 3. HP: 33/33 MP: 3/3
   810 | D:2      | Reached XP level 4. HP: 38/41 MP: 4/4
   843 | D:2      | Reached skill level 3 in Axes
  1584 | D:3      | Reached XP level 5. HP: 29/47 MP: 5/5
  2159 | D:4      | Reached skill level 1 in Dodging
  2162 | D:4      | Gained mutation: You are occasionally teleported next to monsters. [potion of mutation]
  2162 | D:4      | Gained mutation: Your body sometimes deteriorates upon taking damage. [potion of mutation]
  2162 | D:4      | Gained mutation: You are agile. (Dex +2) [potion of mutation]
  2169 | D:4      | Lost mutation: Your body sometimes deteriorates upon taking damage. [potion of cure mutation]
  2169 | D:4      | Lost mutation: You are agile. (Dex +2) [potion of cure mutation]
  2258 | D:4      | Found Biocuit's Gadget Shoppe.
  2259 | D:4      | Found a burning altar of Makhleb.
  2305 | D:4      | Reached XP level 6. HP: 53/53 MP: 6/6
  2309 | D:4      | Reached skill level 5 in Shields
  2331 | D:4      | Found a staircase to the Ecumenical Temple.
  2342 | Temple   | Entered the Ecumenical Temple
  2779 | D:4      | Noticed a phantom
  2806 | D:4      | Killed a phantom
  2806 | D:4      | Reached skill level 4 in Axes
  2806 | D:4      | Reached skill level 5 in Armour
  2878 | D:4      | Noticed a green death
  2882 | D:4      | Noticed a smoke demon
  2882 | D:4      | Noticed an orange demon
  2900 | D:5      | Entered Level 5 of the Dungeon
  3201 | D:5      | Reached skill level 5 in Fighting
  3206 | D:5      | Reached XP level 7. HP: 45/61 MP: 7/7
  3758 | D:5      | Found a burning altar of Makhleb.
  3759 | D:5      | Found a shimmering altar of Xom.
  3762 | D:5      | Found a sacrificial altar of Ru.
  3836 | D:5      | Reached skill level 5 in Axes
  3949 | D:6      | Reached XP level 8. HP: 35/70 MP: 8/8
  4096 | D:6      | Found a shadowy altar of Dithmenos.
  4198 | D:6      | Found an iron altar of Okawaru.
  4206 | D:6      | Became a worshipper of Warmaster Okawaru
  4446 | D:6      | Got a black opal-encrusted leather armour
  4447 | D:6      | Identified the +1 leather armour "Ymooxoff" {+Inv rC+} (You found it on level 6 of the Dungeon)
  4469 | D:6      | Found a bloodstained altar of Trog.
  4614 | D:6      | Reached skill level 6 in Axes
  4750 | D:7      | Found a snail-covered altar of Cheibriados.
  5174 | D:7      | Reached * piety under Okawaru
  5178 | D:7      | Reached skill level 7 in Axes
  5384 | D:8      | Noticed rjaguar3's ghost (novice MiBe)
  5390 | D:8      | Noticed Joseph
  5401 | D:8      | Killed Joseph
  5401 | D:8      | Reached ** piety under Okawaru
  5401 | D:8      | Reached XP level 9. HP: 45/79 MP: 9/9
  5617 | D:8      | Found Kaosu's Distillery.
  5626 | D:8      | Bought a potion of haste for 100 gold pieces
  5672 | D:8      | Reached skill level 8 in Axes
  5674 | D:8      | Killed rjaguar3's ghost
  6064 | D:8      | Reached skill level 9 in Axes
  6383 | D:9      | Reached *** piety under Okawaru
  6443 | D:9      | Found Ofrewn's Antique Weapon Boutique.
  6452 | D:9      | Found a sparkling altar of Nemelex Xobeh.
  6672 | D:9      | Noticed Psyche
  6689 | D:9      | Reached XP level 10. HP: 45/89 MP: 10/10
  7029 | D:10     | Entered Level 10 of the Dungeon
  7030 | D:10     | Noticed a gargoyle
  7076 | D:10     | Noticed Pikel
  7091 | D:10     | Killed Pikel
  7091 | D:10     | Reached **** piety under Okawaru
  7091 | D:10     | Reached skill level 10 in Axes
  7263 | D:10     | Killed a gargoyle
  8378 | D:11     | Noticed a hill giant
  8379 | D:11     | Noticed Maurice
  8401 | D:11     | Killed a hill giant
  8409 | D:11     | Killed Maurice
  8409 | D:11     | Reached ***** piety under Okawaru
  8602 | D:11     | Noticed a cyclops
  8614 | D:11     | Killed a cyclops
  8614 | D:11     | Reached skill level 11 in Axes
  8970 | D:11     | Reached XP level 11. HP: 88/97 MP: 11/11
  9106 | D:11     | Received a gift from Okawaru
  9388 | D:12     | Noticed an eight-headed hydra
  9470 | D:12     | Noticed a hill giant
  9483 | D:12     | Killed a hill giant
  9593 | D:12     | Received a gift from Okawaru
  9596 | D:12     | Reached skill level 10 in Armour
  9596 | D:12     | Reached skill level 10 in Shields
  9824 | D:12     | Noticed a seven-headed hydra
  9923 | D:12     | Found an opulent altar of Gozag.
  9956 | D:12     | Found a staircase to the Orcish Mines.
 10023 | D:12     | Reached skill level 12 in Axes
 10068 | D:12     | Noticed a hill giant
 10078 | D:12     | Killed a hill giant
 10078 | D:12     | Reached skill level 10 in Fighting
 10170 | D:12     | HP: 4/99 [nine-headed hydra (3)]
 10209 | D:13     | Noticed a deep elf mage
 10217 | D:13     | HP: 1/99 [something (5)]
 10602 | D:13     | Noticed a skeletal warrior
 10602 | D:13     | Noticed a skeletal warrior
 10602 | D:13     | Noticed a skeletal warrior
 10602 | D:13     | Noticed a skeletal warrior
 10603 | D:13     | Noticed a necromancer
 10603 | D:13     | Noticed a skeletal warrior
 10606 | D:13     | Noticed a white ugly thing
 10608 | D:13     | Noticed a deep elf mage
 10626 | D:13     | Killed a deep elf mage
 10754 | D:13     | Found a gate to the Vaults.
 11043 | D:14     | Gained mutation: Your magical capacity is low (-10% MP). [potion of mutation]
 11043 | D:14     | Gained mutation: Your spells are a little harder to cast, but a little more powerful. [potion of mutation]
 11043 | D:14     | Gained mutation: Your spells are harder to cast, but more powerful. [potion of mutation]
 11071 | D:14     | Noticed a centaur warrior
 11081 | D:14     | Killed a centaur warrior
 11081 | D:14     | Received a gift from Okawaru
 11092 | D:14     | Got a jewelled broad axe {god gift}
 11093 | D:14     | Identified the +1 broad axe of Neurosis {distort, Fragile rN+ MP+9 Stlth+} (Okawaru gifted it to you on level 14 of the Dungeon)
 11241 | D:14     | Reached XP level 12. HP: 77/108 MP: 11/11
 11259 | D:14     | Noticed a centaur warrior
 11289 | D:14     | Killed a centaur warrior
 11289 | D:14     | Reached skill level 13 in Axes
 11295 | D:14     | Noticed a sun demon
 11298 | D:14     | Noticed Azrael
 11319 | D:14     | Received a gift from Okawaru
 11331 | D:14     | Banished Azrael
 11445 | D:14     | Noticed a great orb of eyes
 11468 | D:14     | Killed a great orb of eyes
 11468 | D:14     | Received a gift from Okawaru
 11491 | D:14     | Reached skill level 14 in Axes
 11508 | D:14     | Gained mutation: Your magical capacity is very low (-20% MP). [mutagenic glow]
 11517 | D:14     | Reached skill level 1 in Evocations
 11544 | D:14     | Killed from afar by a deep elf mage

Skill      XL: |  1  2  3  4  5  6  7  8  9 10 11 12 |
---------------+-------------------------------------+-----
Shields        | 4 5 7 8 9 10 11 | 11.1
Fighting       | 4 5 6 7 8 9 10 11 | 11.5
Axes           | 3 4 5 7 9 11 12 14 | 14.0
Armour         | 4 5 6 8 9 10 11 | 11.3
Dodging        | 1 2 |  2.7
Evocations     | 1 |  1.0
Stealth        | |  0.8

Action                   |  1- 3 |  4- 6 |  7- 9 | 10-12 || total
-------------------------+-------+-------+-------+-------++-------
Melee: War axe           |    95 |   226 |   344 |   456 ||  1121
       Broad axe         |       |       |       |   103 ||   103
       Battleaxe         |       |       |       |    19 ||    19
Throw: Javelin           |       |       |       |     1 ||     1
 Abil: Evoke Berserk Rag |       |       |       |     1 ||     1
Evoke: Wand              |       |       |       |     7 ||     7
  Use: Scroll            |       |    10 |     7 |    14 ||    31
       Potion            |       |     8 |     7 |    11 ||    26
 Stab: Invisible         |       |       |     1 |       ||     1
  Eat: Bread ration      |       |     1 |       |     2 ||     3
       Pizza             |       |     1 |       |     1 ||     2
       Meat ration       |       |     1 |     2 |     1 ||     4
       Beef jerky        |       |       |     1 |       ||     1
Armor: Scale mail        |    48 |     5 |       |       ||    53
       Plate armour      |       |   156 |   254 |   392 ||   802
Dodge: Dodged            |    42 |    45 |    93 |   133 ||   313
Block: Shield            |    64 |   145 |   223 |   333 ||   765
